 Dungeon Crawl Stone Soup version 0.32-a0-25-g86f1af2 (webtiles) character file.

Game seed: 15483658464639720711

603 Dorkslayer the Chopper (level 7, 0/44 HPs)
             Began as an Octopode Shapeshifter on Jan 18, 2024.
             Slain by a gnoll
             ... wielding a +0 halberd
              (18 damage)
             ... on level 4 of the Dungeon.
             The game lasted 00:10:38 (3280 turns).

Dorkslayer the Chopper (Octopode Shapeshifter)      Turns: 3280, Time: 00:10:38

Health: 0/44       AC:  1    Str: 21    XL:     7   Next: 42%
Magic:  7/7        EV: 13    Int: 13    God:
Gold:   149        SH:  0    Dex: 11    Spells: 6/6 levels left

rFire   . . .        d - +0 war axe
rCold   . . .        (no shield)
rNeg    . . .        (helmet currently unavailable)
rPois   .            (no amulet)
rElec   .            f - ring of willpower
rCorr   .            i - ring of flight
SInv    .            t - +6 ring of strength
Will    +....        (no ring)
Stlth   +++          (no ring)
HPRegen 0.27/turn    (no ring)
MPRegen 0.10/turn    (no ring)
                     (no ring)

%: no passive effects
@: beast-form, flying
A: beast (slay +2), almost no armour, amphibious, 8 rings, camouflage 1,
gelatinous body 1, (nimble swimmer 1), tentacles
a: Begin Untransformation


You were on level 4 of the Dungeon.
You were a hulking beast.
You visited 1 branch of the dungeon, and saw 4 of its levels.

You collected 197 gold pieces.
You spent 48 gold pieces at shops.

Inventory:

Hand Weapons
 d - a +0 war axe (weapon)
Missiles
 k - 11 boomerangs (quivered)
 o - 2 throwing nets
Jewellery
 f - a ring of willpower (left tentacle)
 i - a ring of flight (right tentacle)
 t - a +6 ring of strength (on tentacle)
Talismans
 b - a beast talisman
 c - a flux talisman
 r - a maw talisman
Wands
 q - a wand of mindburst (1)
Scrolls
 g - a scroll of fear
 j - a scroll of teleportation
 s - a scroll of fog
 u - a scroll of amnesia {unknown}
 v - a scroll of vulnerability {unknown}
 w - a scroll of silence
Potions
 a - a potion of lignification
 e - 2 potions of mutation
 h - a potion of magic
 l - a potion of resistance
 m - a potion of attraction
 n - a potion of degeneration
 p - a potion of curing {unknown}


   Skills:
 + Level 1.9 Fighting
 * Level 5.1 Axes
 + Level 2.6 Dodging
 + Level 3.0 Stealth
 * Level 4.2 Unarmed Combat
 * Level 1.2 Evocations
 * Level 3.9 Shapeshifting


You had 6 spell levels left.
You didn't know any spells.
Your spell library contained the following spells:

 Spells                   Type           Power      Damage    Failure   Level
 Slow                     Hex            0%         N/A       30%         1
 Confusing Touch          Hex            0%         N/A       67%         3
 Gell's Gravitas          Tloc           0%         N/A       67%         3
 Sigil of Binding         Hex            0%         N/A       67%         3
 Teleport Other           Tloc           0%         N/A       67%         3
 Vampiric Draining        Necr           0%         2d6       67%         3
 Dispersal                Tloc           0%         N/A       100%        6


Dungeon Overview and Level Annotations

Branches:
Dungeon (4/15)
 Temple: D:4-7

Altars:
Gozag
Nemelex Xobeh

Shops:
D:2 *


Innate Abilities, Weirdness & Mutations

You are a hulking beast.
Your limbs bulge with bestial killing power. (Slay +2)
You cannot wear most types of armour.
You are amphibious.
You can wear up to eight rings at the same time.
Your skin changes colour to match your surroundings (Stealth+).
Your rubbery body absorbs attacks. (AC +1, EV +1)
((You are camouflaged when in or above water. (Stealth+)))
You have tentacles for arms and can constrict up to eight enemies at once.


Message History

You constrict the orc wizard.
The orc wizard hits you with a +0 dagger.
You slash the orc wizard!
You kill the orc wizard!
Things that are here:
a +0 dagger; a +0 robe You slash the orc!
You kill the orc!
You barely miss the orc. Your grab misses the orc.
The orc hits you with a +0 club.
You slash the orc!
You kill the orc!
Items here: )) [ †.
Items here: )) [ †.
Things that are here:
a +0 dagger; a +0 robe You reach down and open the door.
There is an open door here.
A gnoll comes into view. It is wielding a +0 halberd.
The gnoll shouts!
You hear a shout! x2
The gnoll barely misses you.
A gnoll comes into view.
It is wielding a +0 whip of flaming and quivering a throwing net.
The gnoll shouts!
The gnoll closely misses you.
You slash the gnoll!
You kill the gnoll!
A gnoll comes into view. It is wielding a +0 halberd.
Your Stealth skill increases to level 3!
You hit the gnoll. Your grab misses the gnoll.
The gnoll is moderately wounded.
The gnoll hits you with a +0 whip of flaming.
The gnoll burns you.
The gnoll hits you from afar with a +0 halberd.
The gnoll barely misses you. The gnoll misses you.
You closely miss the gnoll. Your grab misses the gnoll.
The gnoll is moderately wounded.
The gnoll hits you with a +0 whip of flaming!
The gnoll burns you.
The gnoll hits you from afar with a +0 halberd!!
You die...

##### ####.gg# #.##h#
#.##.###
#############.#....#
...................##
.###.......##.......# #
..................###..
.###.......##....##..###
.##................###.#
.#..#####.###....###...#


You could see 2 gnolls.

Vanquished Creatures
  Grinder (D:4)
  Eustachio (D:4)
  An ogre (D:4)
  Crazy Yiuf (D:3)
  An orc wizard (D:4)
  2 gnolls
  3 adders
  4 dart slugs
  6 orcs
  6 ball pythons
  8 endoplasms
  2 giant cockroaches
  3 goblins
  7 hobgoblins
  8 jackals
  2 quokkas (D:2)
  2 bats (D:2)
  2 frilled lizards
  9 kobolds
  5 rats
74 creatures vanquished.

Notes
Turn   | Place    | Note
-------+----------+-------------------------------------------
     0 | D:1      | Dorkslayer the Octopode Shapeshifter began the quest for
                  | the Orb.
     0 | D:1      | Reached XP level 1. HP: 13/13 MP: 1/1
    16 | D:1      | Reached XP level 2. HP: 5/18 MP: 2/2
   268 | D:1      | Reached XP level 3. HP: 19/23 MP: 3/3
   308 | D:1      | Reached skill level 1 in Axes
   327 | D:1      | Found a faded altar of an unknown god.
  1155 | D:2      | Reached skill level 2 in Axes
  1155 | D:2      | Reached XP level 4. HP: 23/28 MP: 4/4
  1182 | D:2      | Found Wunasek's General Store.
  1192 | D:2      | Bought a potion of attraction for 36 gold pieces
  1192 | D:2      | Bought a potion of degeneration for 12 gold pieces
  1295 | D:2      | Identified the +0 ring mail of Itsa {Rampage Regen+ Str+3}
  1864 | D:3      | Reached skill level 1 in Stealth
  1899 | D:3      | Found a runed translucent door.
  1900 | D:3      | Noticed Crazy Yiuf
  1973 | D:3      | Found an opulent altar of Gozag.
  2525 | D:3      | Killed Crazy Yiuf
  2526 | D:3      | Reached XP level 5. HP: 3/33 MP: 5/5
  2679 | D:4      | Noticed Eustachio
  2693 | D:4      | Killed Eustachio
  2694 | D:4      | Reached skill level 3 in Axes
  2694 | D:4      | Reached XP level 6. HP: 25/38 MP: 6/6
  2697 | D:4      | Reached skill level 4 in Axes
  2849 | D:4      | Found a sparkling altar of Nemelex Xobeh.
  2932 | D:4      | Noticed Grinder
  2945 | D:4      | Killed Grinder
  2946 | D:4      | Reached skill level 1 in Evocations
  2946 | D:4      | Reached XP level 7. HP: 44/44 MP: 7/7
  3062 | D:4      | Reached skill level 5 in Axes
  3280 | D:4      | Slain by a gnoll

Illustrated notes

Levels and vault maps discovered:
D:1:      mushboom_english_gardens, layout_basic,
          hellmonk_ecumenical_altar_pennies_from_heaven
D:2:      layout_loops_corners, serial_shops, shop
D:3:      layout_loops_ring, grunt_gozag_statues, uniq_crazy_yiuf_cottage
D:4:      minmay_general_purpose_star, layout_basic, lemuel_crystal_altar,
          nicolae_qazlal_style_of_elements, grunt_decor_clamped, uniq_menkaure,
          uniq_grinder, uniq_eustachio

Skill      XL: |  1  2  3  4  5  6  7 |
---------------+----------------------+-----
Axes           | 2 3 4 5 |  5.1
Stealth        | 1 2 3 |  3.0
Unarmed Combat | 4 |  4.2
Evocations     | 1 |  1.2
Fighting       | |  1.9
Dodging        | |  2.6
Shapeshifting  | |  3.9

Action                     |  1- 3 |  4- 6 |  7- 9 || total
---------------------------+-------+-------+-------++-------
  Melee: War axe           |    54 |    48 |    25 ||   127
         Constrict         |    10 |    14 |     5 ||    29
         Tentacles         |     8 |     9 |     4 ||    21
         Punch             |     1 |     1 |       ||     2
  Evoke: Wand              |       |     3 |       ||     3
    Use: Scroll            |     4 |     4 |       ||     8
   Stab: Sleeping          |     4 |     2 |     1 ||     7
 Armour: Skin              |    24 |    21 |    16 ||    61
  Dodge: Dodged            |    34 |    35 |    12 ||    81

Table legend: (Time is in decaauts)
 A = Elapsed time spent in this place.
 B = Non-inter-level travel time spent in this place.
 C = Inter-level travel time spent in this place.
 D = Time resting spent in this place.
 E = Time spent auto-exploring this place.
 F = Levels seen in this place.
 G = Mean time per level.
                   A        B        C        D        E       F      G
               +--------+--------+--------+--------+--------+-----+--------+
         Total |   3325 |   3325 |      0 |      0 |   2160 |   4 |  831.2 |
       Dungeon |   3325 |   3325 |      0 |      0 |   2160 |   4 |  831.2 |
               +--------+--------+--------+--------+--------+-----+--------+

Top non-repeatable levels by time:
     D:1: 954 daAuts
     D:2: 881 daAuts
     D:3: 879 daAuts
     D:4: 609 daAuts
